 Dungeon Crawl Stone Soup version 0.31-a0-876-gfe8ebadbca (webtiles) character file.

Game seed: 3015356848128222536

546 BinkBink the Trooper (level 7, 0/55 HPs)
             Began as a Demonspawn Fighter on Oct 14, 2023.
             Killed by divine providence
             ... invoked by an orc priest
              (10 damage)
             ... on level 5 of the Dungeon.
             The game lasted 00:03:38 (3898 turns).

BinkBink the Trooper (Demonspawn Fighter)           Turns: 3898, Time: 00:03:38

Health: 0/55       AC:  9    Str: 17    XL:     7   Next: 6%
Magic:  7/7        EV:  9    Int:  9    God:
Gold:   205        SH:  5    Dex: 14    Spells: 6/6 levels left

rFire   . . .        a - +0 rapier
rCold   . . .        c - +0 buckler
rNeg    . . .        b - +0 scale mail
rPois   .            (no helmet)
rElec   .            (no cloak)
rCorr   .            (no gloves)
SInv    .            (no boots)
Will    .....        (no amulet) Stlth
                     (no ring)
HPRegen 0.29/turn    (no ring)
MPRegen 0.10/turn

%: no passive effects
@: no status effects
A: hooves 1, demonic guardian 1, spiny 1, sharp scales 2
a: no special abilities


You were on level 5 of the Dungeon.
You visited 1 branch of the dungeon, and saw 5 of its levels.

You collected 205 gold pieces.

Inventory:

Hand Weapons
 a - a +0 rapier (weapon)
Armour
 b - a +0 scale mail (worn)
 c - a +0 buckler (worn)
Jewellery
 s - a +4 ring of protection
Scrolls
 f - a scroll of fear {unknown}
 h - a scroll of identify
 l - a scroll of torment {unknown}
 o - a scroll of silence {unknown}
 t - a scroll of poison {unknown}
Potions
 d - 2 potions of might
 g - a potion of mutation {unknown}
 i - 2 potions of curing
 j - a potion of degeneration {unknown}
 k - 2 potions of brilliance
 m - a potion of haste {unknown}
 n - 2 potions of magic
 p - a potion of cancellation {unknown}
 q - a potion of attraction
 r - 2 potions of enlightenment


   Skills:
 + Level 4.7 Fighting
 + Level 3.7 Short Blades
 + Level 4.3 Armour
 + Level 4.3 Shields


You had 6 spell levels left.
You didn't know any spells.
Your spell library contained the following spells:

 Spells                   Type           Power      Damage    Failure   Level
 Sandblast                Erth           0%         2d4       86%         1
 Shock                    Conj/Air       0%         1d3       86%         1
 Passwall                 Tmut/Erth      0%         N/A       94%         2
 Stone Arrow              Conj/Erth      0%         3d7       99%         3
 Swiftness                Air            0%         N/A       99%         3
 Airstrike                Air            0%         2d(0-16)  100%        4
 Brom's Barrelling Bould  Conj/Erth      0%         2d3       100%        4


Dungeon Overview and Level Annotations

Branches:
Dungeon (5/15)
 Temple: D:4-7

Altars:
Okawaru
Qazlal

Annotations:
D:5 Dowan, Duvessa, Eustachio


Innate Abilities, Weirdness & Mutations

You have large cloven feet.
A weak demonic guardian rushes to your aid.
You are partially covered in sharp spines.
You are mostly covered in razor-sharp scales. (AC +2, Slay +2)


Message History

You kick the scorpion, but do no damage.
You feel sick. The scorpion stings you. Something hits you.
The orc priest mumbles some strange prayers to Beogh against you.
Beogh smites you!
You hit the scorpion but do no damage.
You kick the scorpion, but do no damage.
You feel sick. The scorpion is struck by your spines.
The scorpion stings you but does no damage.
You hear some strange, mumbled words.
A magic dart appears from out of thin air!
The magic dart hits you. The scorpion is struck by your spines.
The scorpion stings you but does no damage.
You barely miss the scorpion.
The scorpion is moderately wounded.
You feel sick. The scorpion barely misses you.
Something hits you but does no damage.
You hit the scorpion.
The scorpion is moderately wounded.
You feel sick. The scorpion is struck by your spines. The scorpion stings you.
* * * LOW HITPOINT WARNING * * *
Reactivating autopickup.
You feel a bit more experienced.
You hit the scorpion.
The scorpion is severely wounded.
You feel sick. The scorpion is struck by your spines.
The scorpion stings you but does no damage.
You block the scorpion's attack.
You hit the scorpion. Your kick misses the scorpion.
The scorpion is almost dead.
You feel sick. The scorpion is struck by your spines.
You kill the scorpion!
You have reached level 7!
You feel sick.
You are no longer poisoned.
The orc priest casts a cantrip, but nothing happens.
You barely miss the orc priest. You kick the orc priest.
The orc priest is heavily wounded.
The orc priest mumbles some strange prayers to Beogh against you.
Beogh smites you!
You die...

##> #.# .. ..### #.
....# #.##.#.# #....#.#
#.#..#?#
#.#.#..#.#######
#..o@).........##
#####)########..# # #.#
##### .. #### #.# ##e##
...#...##.###### 8e..8#
.......5#......# .....#
......@l#......#_....._
#...§r...#.#####.....##
#.#..5##.#....##8...8#


You could see an orc priest.

Vanquished Creatures
  An ogre (D:5)
  Blork the orc (D:4)
  A scorpion (D:5)
  2 hounds (D:4)
  Jessica (D:2)
  2 orc wizards
  3 gnolls (D:4)
  3 adders
  2 worms
  4 dart slugs
  8 orcs
  5 endoplasms
  3 giant cockroaches
  3 goblins
  11 hobgoblins
  8 jackals
  8 kobolds
  A quokka (D:3)
  7 ball pythons
  7 bats
  2 frilled lizards
  9 rats
92 creatures vanquished.

Vanquished Creatures (collateral kills)
  A jelly (D:4)
  A gnoll (D:4)
2 creatures vanquished.

Grand Total: 94 creatures vanquished

Notes
Turn   | Place    | Note
-------+----------+-------------------------------------------
     0 | D:1      | BinkBink the Demonspawn Fighter began the quest for the
                  | Orb.
     0 | D:1      | Reached XP level 1. HP: 18/18 MP: 1/1
   178 | D:1      | Gained mutation: You have large cloven feet. [demonic
                  | ancestry]
   178 | D:1      | Reached XP level 2. HP: 24/24 MP: 2/2
   658 | D:1      | Gained mutation: You are partially covered in razor-sharp
                  | scales. (AC +1, Slay +1) [demonic ancestry]
   658 | D:1      | Reached XP level 3. HP: 26/29 MP: 3/3
  1350 | D:2      | Noticed Jessica
  1355 | D:2      | Killed Jessica
  1356 | D:2      | Gained mutation: You are partially covered in sharp spines.
                  | [demonic ancestry]
  1356 | D:2      | Reached XP level 4. HP: 34/35 MP: 4/4
  2515 | D:4      | Noticed Blork the orc
  2524 | D:4      | Killed Blork the orc
  2525 | D:4      | Gained mutation: A weak demonic guardian rushes to your
                  | aid. [demonic ancestry]
  2525 | D:4      | Reached XP level 5. HP: 17/42 MP: 5/5
  2945 | D:4      | Gained mutation: You are mostly covered in razor-sharp
                  | scales. (AC +2, Slay +2) [demonic ancestry]
  2945 | D:4      | Reached XP level 6. HP: 44/48 MP: 6/6
  3467 | D:5      | Entered Level 5 of the Dungeon
  3608 | D:5      | Noticed Dowan
  3608 | D:5      | Noticed Duvessa
  3610 | D:5      | Found an iron altar of Okawaru.
  3620 | D:5      | Noticed Eustachio
  3638 | D:5      | HP: 2/49 [ufetubus[Eustachio] (2)]
  3639 | D:5      | Found a stormy altar of Qazlal.
  3897 | D:5      | Reached XP level 7. HP: 11/55 MP: 7/7
  3898 | D:5      | Killed from afar by an orc priest

Illustrated notes

Levels and vault maps discovered:
D:1:      heliophobic_arrival_glass_houses, layout_loops_ring,
          serial_park_tiny_2, minmay_misc_feat_ornament, minmay_misc_feat_tower,
          chequers_garden, hangedman_abyss_or_decor_stabs
D:2:      layout_basic, chequers_arboretum, uniq_jessica
D:3:      minmay_general_purpose_star, layout_basic
D:4:      minmay_diamond_boxcup, layout_basic, uniq_blork_the_orc
D:5:      layout_loops_cross, marbit_many_paths, nicolae_overflow_hidden_temple,
          minmay_temple_entry_proselytizer, uniq_duvessa, uniq_eustachio

Skill      XL: |  1  2  3  4  5  6 |
---------------+-------------------+-----
Short Blades   | 2 3 |  3.7
Shields        | 3 4 |  4.3
Armour         | 3 4 |  4.3
Fighting       | 4 |  4.7

Action                     |  1- 3 |  4- 6 |  7- 9 || total
---------------------------+-------+-------+-------++-------
  Melee: Rapier            |    95 |   137 |     1 ||   233
         Kick              |    11 |    40 |     1 ||    52
    Use: Scroll            |       |     6 |       ||     6
         Potion            |       |     1 |       ||     1
 Armour: Scale mail        |    49 |   110 |       ||   159
  Dodge: Dodged            |    35 |    47 |       ||    82
  Block: Buckler           |    26 |    38 |       ||    64

Table legend: (Time is in decaauts)
 A = Elapsed time spent in this place.
 B = Non-inter-level travel time spent in this place.
 C = Inter-level travel time spent in this place.
 D = Time resting spent in this place.
 E = Time spent auto-exploring this place.
 F = Levels seen in this place.
 G = Mean time per level.
                   A        B        C        D        E       F      G
               +--------+--------+--------+--------+--------+-----+--------+
         Total |   3921 |   3854 |     67 |    330 |   2989 |   5 |  784.2 |
       Dungeon |   3921 |   3854 |     67 |    330 |   2989 |   5 |  784.2 |
               +--------+--------+--------+--------+--------+-----+--------+

Top non-repeatable levels by time:
     D:4: 956 daAuts
     D:1: 885 daAuts
     D:3: 878 daAuts
     D:2: 768 daAuts
     D:5: 433 daAuts
